cohdb
Replays
Latest Replays
All Replays
Popular Replays
Top Player Replays
Match Explorer
How It Works
Community
CoH3 Stats
Reddit
Sign in to upload your games and track your stats! →
Sign in with Steam
Match 44574655
Unlisted
Match 44574655
Overview
Messages
Build Orders
End
Pioneer Squad
Construct Infanterie Kompanie
Selects Terror Battlegroup
Selects Machine Gun Camouflage
MG 42 Machine Gun Team
MG 42 Machine Gun Team
Grenadier Squad
Grenadier Squad
Construct Luftwaffe Kompanie
221 Scout Car
Jäger Squad
Medical Bunker
Jäger Squad
Construct Panzer Kompanie
Stoßtruppen Squad
Selects Contempt for the Weak
Selects No Quarter
Panzer IV Medium Tank
ProxxX
SickOFCauger
DrewP
Dillbro
0
0
Comments
sign in to comment!
No comments posted yet!